 Dungeon Crawl Stone Soup version 0.31.0-9-g3a7656b989 (webtiles) character file.

Game seed: 327618913745159871

148 qw the Skirmisher (level 5, -1/29 HPs)
             Began as a Deep Elf Hunter on Feb 2, 2024.
             Slain by Edmund
             ... wielding a +3 heavy flail
              (3 damage)
             ... on level 4 of the Dungeon.
             The game lasted 00:00:09 (2468 turns).

qw the Skirmisher (Deep Elf Hunter)                 Turns: 2468, Time: 00:00:10

Health: -1/29      AC:  7    Str:  8 (10) XL:     5   Next: 8%
Magic:  7/7        EV: 11    Int: 12 (14) God:
Gold:   206        SH:  0    Dex: 23 (24) Spells: 4/4 levels left

rFire   . . .        a - +0 shortbow
rCold   . . .        (shield currently unavailable)
rNeg    . . .        g - +0 ring mail
rPois   .            (no helmet)
rElec   .            (no cloak)
rCorr   +            (no gloves)
SInv    .            i - +1 pair of boots
Will    .....        (no amulet)
Stlth   ++           e - +6 ring of dexterity
HPRegen 0.24/turn    f - ring of resist corrosion
MPRegen 0.10/turn

%: no passive effects
@: about to teleport, hasted, very quick
A: no striking features
a: no special abilities


You were on level 4 of the Dungeon.
You visited 1 branch of the dungeon, and saw 4 of its levels.

You collected 232 gold pieces.
You spent 26 gold pieces at shops.


   Skills:
 - Level 1.5 Fighting
 + Level 8.5 Ranged Weapons
 - Level 2.4 Dodging
 - Level 1.2 Stealth


You had 4 spell levels left.
You didn't know any spells.
Your spell library was empty.

Inventory:

Hand Weapons
 a - a +0 shortbow (weapon)
Armour
 g - a +0 ring mail (worn)
 i - a +1 pair of boots (worn)
Jewellery
 e - a +6 ring of dexterity (left hand)
 f - a ring of resist corrosion (right hand)
 j - a ring of flight
Wands
 h - a wand of quicksilver (9)
Scrolls
 c - 4 scrolls of identify
Potions
 k - a potion of curing

Dungeon Overview and Level Annotations

Branches:
Dungeon (4/15)             Temple (0/1) D:4

Altars:

Shops:
D:3 *

Annotations:
D:3 1 runed translucent door, qw's ghost, amateur DEHu
D:4 exclusion: quokka, Edmund


Message History

You shoot an arrow. The arrow hits Edmund.
Edmund is lightly wounded.
Edmund barely misses you.
You shoot an arrow. The arrow closely misses Edmund.
The adder misses you.
You shoot an arrow. The arrow hits Edmund.
Edmund is moderately wounded.
The adder misses you. Edmund hits you with a +3 heavy flail.
The adder barely misses you.
You shoot an arrow.
The arrow hits Edmund but does no damage.
Edmund is moderately wounded.
You shoot an arrow. The arrow barely misses Edmund.
The adder bites you but does no damage. Edmund closely misses you.
The adder bites you but does no damage.
You shoot an arrow. The arrow hits Edmund!
Edmund is heavily wounded.
You shoot an arrow.
The arrow hits Edmund but does no damage.
Edmund is heavily wounded.
The adder bites you but does no damage.
You shoot an arrow. The arrow hits Edmund.
Edmund is heavily wounded.
Edmund hits you with a +3 heavy flail! The adder barely misses you.
2465 ||| READING scroll of teleportation.
As you read the scroll of teleportation, it crumbles to dust.
You feel strangely unstable. The adder bites you.
You shoot an arrow.
The arrow hits Edmund but does no damage.
Edmund is heavily wounded.
Edmund hits you with a +3 heavy flail. The adder barely misses you.
You shoot an arrow. The arrow barely misses Edmund.
The adder bites you but does no damage.
You shoot an arrow.
The arrow hits Edmund but does no damage.
Edmund is heavily wounded.
Edmund hits you with a +3 heavy flail.
You die...
Edmund whines, "They better pay attention to me now!"

........#..(%....#.#..##...# #.#
..........#........#.<....## #..
.......<.#####................##.
.........# ####........####.#..
.........# ##.........#####.#..
######..######...##..#..#........
.......####....#........#.###.#..
########....####.###...). #.#..
.[####...#### #@# ....... # ###
#.#....### #S@....... .%#.####..
.....#..... ...................
[... ....##....#####..... ...
........... ...##.# ..
.....#..... ..## .# . ...........
..# .# ...........


You could see Edmund and an adder.

Vanquished Creatures
  A jelly (D:4)
  An orc wizard (D:3)
  3 adders
  2 dart slugs
  4 orcs (D:3)
  2 bats (D:1)
  5 endoplasms
  6 giant cockroaches
  5 goblins
  6 hobgoblins
  5 quokkas
  2 ball pythons (D:1)
  2 frilled lizards
  5 kobolds
  8 rats
57 creatures vanquished.

Notes
Turn   | Place    | Note
-------+----------+-------------------------------------------
     0 | D:1      | qw the Deep Elf Hunter began the quest for the Orb.
     0 | D:1      | Reached XP level 1. HP: 12/12 MP: 3/3
     0 | D:1      | 0 ||| qw: Version: 0.3-a-155-g5e7d8dd
     0 | D:1      | 0 ||| qw: Game counter: 1163
     0 | D:1      | 0 ||| qw: Melee chars always use a shield: true
     0 | D:1      | 0 ||| qw: God list: Okawaru
     0 | D:1      | 0 ||| qw: Allow faded altars: false
     0 | D:1      | 0 ||| qw: Do Orc after clearing Dungeon:15 true
     0 | D:1      | 0 ||| qw: Do second Lair branch before Depths: true
     0 | D:1      | 0 ||| qw: Lair rune preference: random
     0 | D:1      | 0 ||| qw: Goals: Normal
     0 | D:1      | 0 ||| PLANNING D:1-11
   200 | D:1      | Reached XP level 2. HP: 16/16 MP: 4/4
   204 | D:1      | Reached skill level 6 in Ranged Weapons
   652 | D:1      | Reached XP level 3. HP: 20/20 MP: 5/5
   717 | D:1      | 717 ||| UPGRADING to +0 ring mail.
   727 | D:1      | 727 ||| DROPPING +0 leather armour.
   728 | D:1      | 728 ||| UPGRADING to +0 pair of boots.
   733 | D:1      | 733 ||| READING scroll labelled XYS VOIKEI.
   733 | D:1      | 733 ||| IDENTIFYING fuming puce potion
   734 | D:1      | 734 ||| READING scroll labelled ZUKHIU BEJUM.
   734 | D:1      | 734 ||| ENCHANTING +0 pair of boots.
   735 | D:1      | 735 ||| READING scroll labelled XAVVEESHRYPOO.
   740 | D:1      | 740 ||| DROPPING scroll of butterflies.
  1162 | D:2      | Reached skill level 7 in Ranged Weapons
  1383 | D:2      | 1383 ||| UPGRADING to +6 ring of dexterity.
  1384 | D:2      | 1384 ||| READING scroll of identify.
  1384 | D:2      | 1384 ||| IDENTIFYING 2 inky potions
  1385 | D:2      | 1385 ||| READING scroll labelled HUBLAA ORCHIG.
  1486 | D:2      | 1486 ||| READING scroll labelled FEEROU WIODOH.
  1487 | D:2      | 1487 ||| READING scroll labelled UNUT CEHEU.
  1488 | D:2      | 1488 ||| DRINKING 2 pink potions.
  1489 | D:2      | 1489 ||| DRINKING 2 cyan potions.
  1490 | D:2      | 1490 ||| DROPPING 2 potions of magic.
  1491 | D:2      | 1491 ||| DROPPING potion of degeneration.
  1751 | D:3      | Reached XP level 4. HP: 13/25 MP: 6/6
  1753 | D:3      | 1753 ||| FLEEEEING.
  1754 | D:3      | 1754 ||| DRINKING potion of curing.
  1754 | D:3      | 1754 ||| (to cure confusion)
  1756 | D:3      | 1756 ||| FLEEEEING.
  1902 | D:3      | Found Jemion's General Store.
  1907 | D:3      | 1907 ||| SHOPLISTING ring of positive energy (260 gold,
                  | have 174).
  1907 | D:3      | 1907 ||| BUYING scroll of identify (26 gold).
  1907 | D:3      | Bought a scroll of identify for 26 gold pieces
  2108 | D:3      | Found a runed translucent door.
  2275 | D:3      | Noticed qw's ghost (amateur DEHu)
  2279 | D:3      | 2279 ||| UPGRADING to ring of resist corrosion.
  2280 | D:3      | 2280 ||| READING 8 scrolls of identify.
  2280 | D:3      | 2280 ||| IDENTIFYING scroll labelled AMPOEV DAUWK
  2281 | D:3      | 2281 ||| READING 7 scrolls of identify.
  2281 | D:3      | 2281 ||| IDENTIFYING scroll labelled ENKIOT IPPOLA
  2282 | D:3      | 2282 ||| READING 6 scrolls of identify.
  2282 | D:3      | 2282 ||| IDENTIFYING scroll labelled VETRUKHL USHYPU
  2283 | D:3      | 2283 ||| READING 5 scrolls of identify.
  2283 | D:3      | 2283 ||| IDENTIFYING 2 scrolls labelled IVYTIZUCZU
  2284 | D:3      | 2284 ||| DROPPING scroll of poison.
  2285 | D:3      | 2285 ||| DROPPING scroll of revelation.
  2286 | D:3      | 2286 ||| DROPPING 2 scrolls of noise.
  2287 | D:3      | 2287 ||| DROPPING scroll of amnesia.
  2310 | D:4      | Reached skill level 8 in Ranged Weapons
  2371 | D:4      | Reached XP level 5. HP: 29/29 MP: 7/7
  2409 | D:4      | Found a staircase to the Ecumenical Temple.
  2410 | D:4      | 2410 ||| PLANNING TEMPLE
  2447 | D:4      | Noticed Edmund
  2449 | D:4      | 2449 ||| DRINKING potion of haste.
  2464 | D:4      | HP: 4/29 [Edmund/+3 heavy flail (9)]
  2465 | D:4      | 2465 ||| READING scroll of teleportation.
  2466 | D:4      | HP: 1/29 [Edmund/+3 heavy flail (2)]
  2468 | D:4      | Slain by Edmund

Levels and vault maps discovered:
D:1:      nicolae_arrival_somewhat_less_tricky_arrival, layout_loops_cross
D:2:      layout_basic
D:3:      layout_basic, ebering_ghost_sewer_d, serial_shops, shop
D:4:      layout_rooms, nicolae_overflow_squiral, minmay_temple_entry_statues,
          gammafunk_ghost_grave, uniq_edmund

Skill      XL: |  1  2  3  4 |
---------------+-------------+-----
Ranged Weapons | 6 7 8 |  8.5
Fighting       | |  1.5
Dodging        | |  2.4
Stealth        | |  1.2

Action                     |  1- 3 |  4- 6 || total
---------------------------+-------+-------++-------
   Fire: Shortbow          |   120 |    54 ||   174
    Use: Scroll            |     7 |     5 ||    12
         Potion            |     2 |     2 ||     4
 Armour: Leather armour    |     7 |       ||     7
         Ring mail         |    13 |    29 ||    42
  Dodge: Dodged            |    20 |    25 ||    45

Table legend:
 A = Non-vault XP
 B = Vault XP
 C = Vault XP percentage of total XP
 D = Non-vault monster count
 E = Vault monster count
 F = Vault count percentage of total count
                 A         B        C        D         E       F
            +---------+---------+-------+---------+---------+-------
      Total |     212 |       0 |   0.0 |      57 |       0 |   0.0
            +---------+---------+-------+---------+---------+-------
        D:1 |      41 |       0 |   0.0 |      25 |       0 |   0.0
        D:2 |      31 |       0 |   0.0 |      12 |       0 |   0.0
        D:3 |      75 |       0 |   0.0 |      13 |       0 |   0.0
        D:4 |      65 |       0 |   0.0 |       7 |       0 |   0.0
            +---------+---------+-------+---------+---------+-------
